Match 29047131
Unlisted

Match 29047131
End
Construct Infanterie Kompanie
Selects Luftwaffe Battlegroup
Selects Luftwaffe Pioneer Support
Fallschirmpioneer Squad Paradrop
MG 42 Machine Gun Team
Fallschirmpioneer Squad Paradrop
Construct Panzergrenadier Kompanie
251 Medium Carrier
Pak 40 Anti-tank Gun Team
Selects Stuka Strafing Run
Panzergrenadier Squad
Stuka Strafing Run
Pak 40 Anti-tank Gun Team
Support Elements
Nebelwerfer 42 Rocket Launcher Team
Selects Fallschirmjäger Squad Paradrop
Stuka Strafing Run
Construct Panzer Kompanie
Selects Fragmentation Bombs
Stuka Strafing Run
Flankenheinz
Jam Juicer
PMC
Crow
Orangepest
Thomas
Zaney
Rei
0
0

Comments sign in to comment!

No comments posted yet!